 Dungeon Crawl Stone Soup version 0.23.0 (webtiles) character file.

Game seed: 4341299147647304143

926 LostNumber the Ruffian (level 7, -3/70 HPs)
             Began as a Troll Abyssal Knight on Feb 11, 2019.
             Was a Believer of Lugonu.
             Slain by Menkaure (8 damage)
             ... on level 5 of the Dungeon.
             The game lasted 00:05:08 (3172 turns).

LostNumber the Ruffian (Troll Abyssal Knight)       Turns: 3172, Time: 00:05:09

Health: -3/70      AC:  6    Str: 21    XL:     7   Next: 85%
Magic:  8/8        EV: 11    Int:  8    God:    Lugonu [**....]
Gold:   219        SH:  0    Dex: 11    Spells: 6/6 levels left

rFire    . . .     SeeInvis .     - Unarmed
rCold    . . .     Gourm    +   (no shield)
rNeg     + . .     Faith    .   a - +0 robe
rPois    .         Spirit   .   n - +0 hat
rElec    .         Reflect  .   (no cloak)
rCorr    .         Harm     .   (gloves unavailable)
MR       .....                  (boots unavailable)
Stlth    +.........             (no amulet)
HPRegen  0.61/turn              f - ring of positive energy
MPRegen  0.11/turn              (no ring)

@: no status effects
A: large, unfitting armour, claws 3, fast metabolism 3, gourmand, regeneration
1, shaggy fur 1, tough skin 3
a: Depart the Abyss, Bend Space, Renounce Religion


You were on level 5 of the Dungeon.
You worshipped Lugonu.
Lugonu was pleased with you.
You were completely stuffed.

You visited 1 branch of the dungeon, and saw 5 of its levels.
You visited the Abyss 1 time.

You collected 219 gold pieces.

Inventory:

Armour
 a - a +0 robe (worn)
 i - a +0 shield
   (You found it on level 2 of the Dungeon)
 n - a +0 hat (worn)
   (You found it on level 3 of the Dungeon)
Jewellery
 f - a ring of positive energy (left claw)
   (You found it on level 1 of the Dungeon)
Scrolls
 b - 2 scrolls of teleportation {unknown}
 c - 4 scrolls of remove curse {@r2}
 g - 4 scrolls of identify {unknown}
 k - 3 scrolls of enchant weapon {unknown}
 l - a scroll of noise {unknown}
 m - 2 scrolls of amnesia {unknown}
 q - a scroll of immolation {unknown}
Potions
 d - 2 potions of haste {unknown}
 h - 2 potions of curing {unknown}
 j - a potion of agility {unknown}
 o - a potion of resistance {unknown}
 p - a potion of heal wounds {unknown}
 s - a potion of berserk rage {unknown}
Comestibles
 e - 14 rations {!d}
 r - 15 chunks of flesh


   Skills:
 + Level 4.0 Fighting
 - Level 3.2 Dodging
 + Level 2.6 Shields
 * Level 5.7 Unarmed Combat
 + Level 3.7 Invocations


You had 6 spell levels left.
You didn't know any spells.
Your spell library was empty.

Dungeon Overview and Level Annotations

Branches:
Dungeon (5/15)
 Temple: D:4-7

Altars:
Elyvilon
Gozag
The Shining One

Shops:
D:2 *

Annotations:
D:4 3 runed translucent doors, D1HalberdGnoll's ghost, amateur DsAK; Gargoyl's ghost, amateur CeAK; PeterQ's ghost, amateur TeGl; Zaque's ghost, novice GrFi
D:5 Menkaure


Innate Abilities, Weirdness & Mutations

You are too large for most types of armour.
You have claws for hands.
Your metabolism is lightning-fast.
You like to eat raw meat.
Your natural rate of healing is unusually fast.
You are covered in fur. (AC +1)
You have extremely tough skin. (AC +3)


Message History

r - 12 chunks of flesh (gained 3)
Things that are here:
a +0 dagger; a +0 robe; an orc skeleton
Things that are here:
a +0 dagger; a +0 robe; an orc skeleton
Things that are here:
a +0 dagger; an orc corpse You butcher the orc corpse.
r - 16 chunks of flesh (gained 4)
Things that are here:
a +0 dagger; an orc skeleton
Things that are here:
a +0 dagger; an orc skeleton
Found 15 gold pieces.
You now have 219 gold pieces (gained 15).
Eating one of 16 chunks of flesh.
You eat one of the 16 chunks of flesh.
This raw flesh tastes great.
There is an open door here.
There is an open door here.
There is an open door here.
There is an open door here.
Menkaure, Prince of Dust comes into view.
Found a stone staircase leading up.
You scratch Menkaure but do no damage.
Menkaure casts a spell.
Menkaure seems to speed up.
You claw Menkaure!
Menkaure gestures at you while chanting.
You struggle to resist.
You claw Menkaure! You claw Menkaure. Menkaure closely misses you.
You barely miss Menkaure. Menkaure barely misses you.
You barely miss Menkaure.
Menkaure's bandages flutter.
Menkaure calls on the powers of darkness!
Your body is wracked with pain!
You barely miss Menkaure. Menkaure hits you!
* * * LOW HITPOINT WARNING * * *
You barely miss Menkaure.
Menkaure gestures at you while chanting.
Pain shoots through your body!
* * * LOW HITPOINT WARNING * * *
You scratch Menkaure but do no damage. Menkaure closely misses you.
Unknown command.
You barely miss Menkaure. Menkaure barely misses you.
Unknown command.
You scratch Menkaure. Menkaure barely misses you.
You scratch Menkaure but do no damage. Menkaure hits you!
* * * LOW HITPOINT WARNING * * *
You closely miss Menkaure. Menkaure hits you!
You die...

#..........#
#....#
#..###....
...........#
#<##.#
#....#.###
....)).....# ###
.# ##.#>#.#
.....).....# .#
....#.#
.##'######## .#
... #.#
###.....#
.#####.. #.. #
#####.# ....#
..# # ####.#
#######..# #. #
#.)..# #....@.#
# #.#####
#.####M# #
#.....###'## ...
# #####.##...#
##... #.##...#
<..# #)#....#
..# #)#....# ...
########)#....#
.##
.......#)#.#####


You could see Menkaure.

Vanquished Creatures
  A phantom (D:5)
  A centaur (D:5)
  3 ogres
  A quasit (D:5)
  4 orc priests (D:5)
  An orc wizard (D:5)
  Natasha (thrice) (D:4)
  2 worker ants
  A worker ant zombie (D:5)
  3 gnolls (D:3)
  7 adders
  A shadow imp (D:5)
  An adder zombie (D:5)
  An adder skeleton (D:5)
  2 worms (D:2)
  A dart slug (D:2)
  4 leopard geckos
  10 orcs (D:5)
  3 giant cockroaches
  7 goblins
  6 hobgoblins
  5 jackals
  10 kobolds
  2 ball pythons
  5 bats
  3 frilled lizards
  2 rats
90 creatures vanquished.

Notes
Turn   | Place    | Note
-------+----------+-------------------------------------------
     0 | Abyss:1  | LostNumber the Troll Abyssal Knight began the quest for the
                  | Orb.
     0 | Abyss:1  | Reached XP level 1. HP: 22/22 MP: 1/1
    31 | Abyss:1  | Found a corrupted altar of Lugonu.
    34 | Abyss:1  | Noticed a large abomination
    36 | D:1      | Escaped the Abyss
    88 | D:1      | Reached * piety under Lugonu
   126 | D:1      | Reached XP level 2. HP: 15/29 MP: 2/2
   706 | D:2      | Reached XP level 3. HP: 33/36 MP: 3/3
   746 | D:2      | Found an opulent altar of Gozag.
   746 | D:2      | Found Gozag's Platinum Reserve.
   996 | D:2      | Reached skill level 3 in Unarmed Combat
  1068 | D:2      | Reached XP level 4. HP: 41/44 MP: 4/4
  1069 | D:2      | Reached ** piety under Lugonu
  1272 | D:3      | Found a white marble altar of Elyvilon.
  1273 | D:3      | Found a glowing golden altar of the Shining One.
  2054 | D:4      | Noticed Natasha
  2061 | D:4      | Killed Natasha
  2061 | D:4      | Reached XP level 5. HP: 51/53 MP: 5/5
  2064 | D:4      | Noticed an ogre
  2072 | D:4      | Killed an ogre
  2072 | D:4      | Reached skill level 1 in Shields
  2176 | D:4      | Noticed Natasha
  2183 | D:4      | Killed Natasha
  2183 | D:4      | Reached skill level 4 in Unarmed Combat
  2183 | D:4      | Reached XP level 6. HP: 39/61 MP: 5/7
  2570 | D:4      | Found a runed translucent gate.
  2570 | D:4      | Found a runed translucent gate.
  2570 | D:4      | Found a runed translucent gate.
  2571 | D:4      | Noticed Gargoyl's ghost (amateur CeAK)
  2571 | D:4      | Noticed PeterQ's ghost (amateur TeGl)
  2571 | D:4      | Noticed Zaque's ghost (novice GrFi)
  2571 | D:4      | Noticed D1HalberdGnoll's ghost (amateur DsAK)
  2633 | D:4      | Noticed Natasha
  2639 | D:4      | Killed Natasha
  2665 | D:5      | Entered Level 5 of the Dungeon
  2740 | D:5      | Reached XP level 7. HP: 51/67 MP: 8/8
  2831 | D:5      | Reached skill level 5 in Unarmed Combat
  3159 | D:5      | Noticed Menkaure
  3172 | D:5      | Slain by Menkaure

Skill      XL: |  1  2  3  4  5  6  7 |
---------------+----------------------+-----
Dodging        | 2 3 |  3.2
Invocations    | 2 3 |  3.7
Unarmed Combat | 3 4 5 |  5.7
Fighting       | 3 4 |  4.0
Shields        | 1 2 |  2.6

Action                   |  1- 3 |  4- 6 |  7- 9 || total
-------------------------+-------+-------+-------++-------
Melee: Unarmed           |   116 |   112 |   108 ||   336
       Punch             |     1 |     3 |     3 ||     7
Invok: Depart the Abyss  |     1 |       |       ||     1
  Use: Scroll            |       |     1 |       ||     1
  Eat: Chunk             |    15 |    16 |     4 ||    35
Armor: Robe              |    47 |    34 |    33 ||   114
Dodge: Dodged            |    73 |    53 |    57 ||   183
